 Dungeon Crawl Stone Soup version 0.30-a0-996-ga6910c8ee8 (webtiles) character file.

Game seed: 4365421982777362521

7909 Zeldest the Summoner (level 11, -29/97 HPs)
             Began as a Meteoran Summoner on Apr 4, 2023.
             Was a Priest of Cheibriados.
             Annihilated by Urug
             ... wielding a +1 glaive of venom
              (31 damage)
             ... on level 10 of the Dungeon.
             The game lasted 00:21:59 (3439 turns).

Zeldest the Summoner (Meteoran Summoner)            Turns: 3439, Time: 00:21:59

Health: -29/97     AC:  5    Str: 17    XL:     11   Next: 73%
Magic:  26/26      EV: 13    Int: 28    God:    Cheibriados [***...]
Gold:   385        SH:  0    Dex: 22    Spells: 17/31 levels left

rFire   . . .      SeeInvis .    y - +2 hand axe (flame)
rCold   . . .      Faith    .    (no shield)
rNeg    . . .      Spirit   .    I - +0 steam dragon scales
rPois   .          Reflect  .    v - +2 helmet
rElec   .          Rampage  .    (no cloak)
rCorr   .                        (no gloves)
Will    +....                    s - +0 pair of boots
Stlth   +                        h - amulet of magic regeneration
HPRegen 0.36/turn                c - ring of wizardry
MPRegen 0.60/turn                B - ring of wizardry

@: lethally poisoned (-29 -> -78), about to teleport, corroded, glowing, very
slow
A: sense surroundings 2, otherworldly, glowing, explore regen
a: Renounce Religion, Bend Time, Temporal Distortion


You were on level 10 of the Dungeon.
You worshipped Cheibriados.
Cheibriados was most pleased with you.
You visited 3 branches of the dungeon, and saw 12 of its levels.
You also visited: Sewer.

You collected 385 gold pieces.

Inventory:

Hand Weapons
 t - a +2 dagger of venom
 y - a +2 hand axe of flaming (weapon)
 z - a +5 spear
Armour
 s - a +0 pair of boots (worn)
 v - a +2 helmet (worn)
 I - +0 steam dragon scales (worn)
Jewellery
 c - a ring of wizardry (left hand)
 h - an amulet of magic regeneration (around neck)
 B - a ring of wizardry (right hand)
Wands
 A - a wand of polymorph (6)
 F - a wand of charming (3)
 H - a wand of flame (25)
Scrolls
 e - 2 scrolls of teleportation
 g - 4 scrolls of enchant weapon {unknown}
 l - 2 scrolls of vulnerability {unknown}
 m - a scroll of brand weapon {unknown}
 n - 3 scrolls of fear {unknown}
 o - 2 scrolls of immolation {unknown}
 p - a scroll of fog {unknown}
 u - 2 scrolls of poison {unknown}
 w - a scroll of summoning {unknown}
 D - 3 scrolls of amnesia {unknown}
 E - a scroll of acquirement {unknown}
 G - a scroll of enchant armour {unknown}
Potions
 a - a potion of might {unknown}
 b - a potion of magic
 d - 2 potions of mutation
 f - 2 potions of attraction
 i - 2 potions of heal wounds
 j - 4 potions of curing
 k - 2 potions of flight
 q - a potion of haste {unknown}
 r - 2 potions of berserk rage
 x - a potion of brilliance {unknown}
 C - a potion of lignification {unknown}


   Skills:
 + Level 9.4 Fighting
 - Level 2.4 Dodging
 - Level 1.4 Stealth
 + Level 10.8 Spellcasting
 + Level 11.5 Summonings
 + Level 6.2 Translocations
 + Level 7.7 Invocations


You had 17 spell levels left.
You knew the following spells:

 Your Spells              Type           Power      Damage    Failure   Level
a - Call Canine Familiar  Summ           68%        N/A       1%          3
b - Call Imp              Summ           68%        N/A       1%          2
c - Summon Small Mammal   Summ           100%       N/A       1%          1
d - Passage of Golubria   Tloc           50%        N/A       1%          4
f - Summon Lightning Spi  Summ/Air       47%        N/A       1%          4

Your spell library contained the following spells:

 Spells                   Type           Power      Damage    Failure   Level
 Ensorcelled Hibernation  Hex/Ice        30%        N/A       1%          2
 Kindle Blastsparks       Fire/Tloc/Air  52%        2d14      1%          3
 Summon Guardian Golem    Hex/Summ       47%        N/A       1%          3
 Iskenderun's Mystic Bla  Conj/Tloc      32%        2d8       2%          4
 Spider Form              Tmut/Pois      15%        N/A       3%          3
 Tukima's Dance           Hex            15%        N/A       3%          3
 Anguish                  Hex/Necr       7%         N/A       11%         4
 Fulminant Prism          Conj/Hex       7%         3d7       11%         4
 Lee's Rapid Deconstruct  Erth           7%         3d7*      26%         5
 Yara's Violent Unravell  Hex/Tmut       7%         3d5       26%         5


Dungeon Overview and Level Annotations

Branches:
Dungeon (10/15) Zot: 4628  Temple (1/1) D:7 Zot: 844    Lair (0/5) D:8
    Orc (1/2) D:9 Zot: 898   Sewer (visited)

Altars:
Cheibriados
Fedhas
Makhleb
Okawaru
Ru
Vehumet
Yredelemnul
The Shining One

Shops:
D:3 (

Annotations:
D:10 Urug


Innate Abilities, Weirdness & Mutations

You passively map the area around you.
You are easily found by Zot.
You glow in the dark.
You regain HP and MP as you explore.


Message History

Your warg bites something but does no damage.
Something hits you. Something hits you but does no damage.
Something hits your warg!
Your bat barely misses the kobold brigand.
Your warg bites something.
Something hits you but does no damage.
Urug hits your bat with a +1 glaive of venom!
Your bat dies!
Your bat's corpse disappears in a puff of smoke!
The kobold brigand hits your warg with a +0 whip!
Your warg bites the kobold brigand!
The kobold brigand dies!
Cheibriados appreciates the change of pace.
Urug throws a javelin.
The javelin pierces through your warg. The javelin pierces through you!!
* * * LOW HITPOINT WARNING * * *
Your warg bites something!
You feel much better. Something hits your warg!
Your warg closely misses something.
Urug drinks a potion.
Urug goes berserk!
Okay, then.
Aiming: Polymorph
Press: ? - help, Shift-Dir - straight line, f - Urug
Aim: Urug, wielding a +1 glaive of venom, wearing a +0 chain mail and quivering javelins (berserk, will become a glowing shapeshifter, a death drake, or a dream sheep, chance to affect: 31%)
Okay, then.
Unknown command.
As you read the scroll of teleportation, it crumbles to dust.
You feel strangely unstable. Something hits your warg!
Your warg dies!
Your warg's corpse disappears in a puff of smoke!
Something hits your crimson imp!
Your crimson imp blinks!
Aiming: Polymorph
Press: ? - help, Shift-Dir - straight line, f - Urug
Aim: Urug, wielding a +1 glaive of venom, wearing a +0 chain mail and quivering javelins (berserk, will become a glowing shapeshifter, a death drake, or a dream sheep, chance to affect: 31%) Urug easily resists.
Urug hits you from afar with a +1 glaive of venom!!!
* * * LOW HITPOINT WARNING * * *
You are lethally poisoned!
Something closely misses your crimson imp.
Urug hits you from afar with a +1 glaive of venom!!
You die...

* ...#########... * ,
* ,,.............# *
,
.......<..###########
* ,
....###.....(........
, * . #...#.#.#.#.#..
* ##..#5......... , *
#.{#.#.#.#.#.. * *
#.5..§........ , , *
#@§o.#.#.#.#.. * * *
* , *###§)..$......
*** , , **
#)§#.#.#.#.#,,, * ,,
,* , ............# *
, ##.##.###.#### **
#..*#.# .# * , ...#
#.# * . , , .##* #.#
.. * * * , *


You could see Urug (berserk, ally target) and a friendly crimson imp (summoned).

Vanquished Creatures
  A yak (D:9)
  A water moccasin (D:9)
  A sky beast (D:7)
  2 kobold brigands (D:9)
  A gnoll sergeant (D:7)
  3 scorpions
  A wight (D:9)
  2 killer bees (D:8)
  2 gnolls (D:7)
  2 orcs
  An endoplasm (D:3)
  A jackal (D:4)
  A kobold (D:10)
  2 goblins (D:1)
  A rat (Sewer)
22 creatures vanquished.

Vanquished Creatures (collateral kills)
  A hydra (D:9)
  A two-headed ogre (D:9)
  An orc knight (D:9)
  Grinder (D:5)
  A hornet (D:8)
  2 dream sheep (D:9)
  7 yaks
  3 wyverns (D:9)
  2 steam dragons (D:8)
  An acid dragon (D:10)
  A water moccasin (D:8)
  2 orc warriors
  2 ogres
  An ice beast (D:5)
  A centaur (D:8)
  5 kobold brigands
  A bullfrog (D:6)
  A scorpion (D:4)
  11 wights
  13 killer bees
  A jelly (D:5)
  2 hounds
  2 orc priests
  2 iguanas
  2 sleepcaps
  7 orc wizards
  3 gnolls (D:7)
  6 adders
  5 river rats (Sewer)
  A white imp (D:8)
  2 dart slugs
  14 orcs
  A bat (D:3)
  4 endoplasms
  7 giant cockroaches
  4 goblins
  3 hobgoblins
  9 jackals
  6 quokkas
  3 ball pythons
  4 frilled lizards
  20 kobolds
  13 rats
179 creatures vanquished.

Vanquished Creatures (others)
  2 plants (D:9)
2 creatures vanquished.

Grand Total: 203 creatures vanquished

Notes
Turn   | Place    | Note
-------+----------+-------------------------------------------
     0 | D:1      | Zeldest the Meteoran Summoner began the quest for the Orb.
     0 | D:1      | Reached XP level 1. HP: 14/14 MP: 5/5
   134 | D:1      | Reached XP level 2. HP: 18/22 MP: 4/6
   150 | D:1      | Reached skill level 5 in Summonings
   153 | D:1      | Learned a level 2 spell: Call Imp
   173 | D:1      | Reached skill level 1 in Fighting
   234 | D:2      | Reached XP level 3. HP: 28/28 MP: 4/8
   240 | D:2      | Learned a level 3 spell: Call Canine Familiar
   302 | D:3      | Found Fyc Futs's Weapon Shoppe.
   409 | D:3      | Reached XP level 4. HP: 12/36 MP: 3/10
   456 | D:3      | Found a glowing drain.
   464 | D:3      | Reached XP level 5. HP: 41/41 MP: 7/11
   483 | Sewer    | Entered a sewer
   722 | Sewer    | Reached skill level 6 in Summonings
   722 | Sewer    | Reached XP level 6. HP: 16/51 MP: 1/13
  1094 | D:5      | Entered Level 5 of the Dungeon
  1123 | D:5      | Noticed an ice beast
  1135 | D:5      | Reached skill level 5 in Spellcasting
  1154 | D:5      | Killed an ice beast
  1155 | D:5      | Reached XP level 7. HP: 36/58 MP: 1/15
  1210 | D:4      | Found a basalt altar of Yredelemnul.
  1310 | D:4      | Reached skill level 7 in Summonings
  1333 | D:5      | Reached XP level 8. HP: 67/67 MP: 11/18
  1549 | D:5      | Noticed Grinder
  1569 | D:5      | Killed Grinder
  1570 | D:5      | Reached skill level 5 in Fighting
  1624 | D:6      | Reached skill level 8 in Summonings
  1652 | D:5      | Gained mutation: You passively map the area around you.
                  | [Meteoran growth]
  1652 | D:5      | Reached XP level 9. HP: 75/75 MP: 5/20
  1667 | D:5      | Learned a level 4 spell: Summon Lightning Spire
  1773 | D:6      | Found a sacrificial altar of Ru.
  1777 | D:6      | Found an iron altar of Okawaru.
  2085 | D:7      | Reached skill level 9 in Summonings
  2119 | D:7      | Found a staircase to the Ecumenical Temple.
  2125 | Temple   | Entered the Ecumenical Temple
  2150 | Temple   | Became a worshipper of Cheibriados the Contemplative
  2284 | D:7      | Reached skill level 1 in Invocations
  2459 | D:8      | Noticed a hornet
  2465 | D:8      | Paralysed by a hornet for 1 turns
  2466 | D:8      | Killed a hornet
  2467 | D:8      | Reached skill level 1 in Translocations
  2467 | D:8      | Reached XP level 10. HP: 62/86 MP: 14/23
  2529 | D:8      | Found a staircase to the Lair.
  2555 | D:8      | Reached * piety under Cheibriados
  2556 | D:8      | Reached skill level 10 in Summonings
  2763 | D:9      | Reached skill level 5 in Invocations
  2797 | D:9      | Reached ** piety under Cheibriados
  3131 | D:9      | Reached XP level 11. HP: 95/95 MP: 16/25
  3141 | D:9      | Reached skill level 10 in Spellcasting
  3174 | D:9      | Learned a level 4 spell: Passage of Golubria
  3193 | D:9      | Found a staircase to the Orcish Mines.
  3213 | D:9      | Reached skill level 5 in Translocations
  3216 | D:9      | Reached skill level 11 in Summonings
  3229 | D:9      | Noticed a three-headed hydra
  3235 | D:9      | Killed a two-headed hydra
  3303 | Orc:1    | Entered Level 1 of the Orcish Mines
  3303 | Orc:1    | Noticed an orc knight
  3311 | D:9      | Killed an orc knight
  3324 | D:9      | Noticed a two-headed ogre
  3329 | D:9      | Reached *** piety under Cheibriados
  3333 | D:9      | Killed a two-headed ogre
  3417 | D:10     | Entered Level 10 of the Dungeon
  3428 | D:10     | Noticed Urug
  3439 | D:10     | HP: 2/97 [Urug/+1 glaive of venom (44)]
  3439 | D:10     | Annihilated by Urug

Illustrated notes

Levels and vault maps discovered:
D:1:      dpeg_arrival_chambers_temple_mockup, layout_loops_ring
D:2:      layout_loops_corners, minmay_tromino_i4, uniq_robin, uniq_sigmund
D:3:      layout_rooms, gup_sewer_entry_pipe, serial_shops,
          nicolae_shop_behind_doors, shop, minmay_misc_feat_alley,
          dk_vineyard_1, minmay_crystal_water
D:4:      layout_basic, mainiacjoe_overflow_catwalk, nicolae_nh_ransacked_shop
D:5:      layout_basic, uniq_ijyb, uniq_grinder
D:6:      layout_basic, nicolae_overflow_hidden_temple,
          corexii_item_surrounded_by_moat
D:7:      layout_loops_corners, minmay_temple_entry_enclosed_plants,
          eino_curves_01
D:8:      layout_gridville, lair_entry_dummy, st_stairs_10,
          nicolae_underground_beach
D:9:      layout_gridville, orc_0_dummy, serial_co_window_serial,
          co_window_of_opportunity_a, co_window_of_opportunity_a,
          co_window_of_opportunity_a, co_window_corner_a, co_window_paths_b,
          co_window_2corner, co_window_2corner, co_window_broadway_a,
          co_window_of_opportunity_c, co_window_broadway_a, co_window_paths_e,
          co_window_paths_d, glass_columns_a, glass_columns_b,
          minmay_misc_feat_more_columns, grunt_ministairs_10, hangedman_ranch
D:10:     layout_rooms, serial_glass, glass_columns_c, glass_columns_c,
          glass_columns_a, glass_columns_a, glass_columns_c, glass_columns_b,
          uniq_urug
Temple:   bh_familiar_temple
Orc:1:    layout_diamond_mine, serial_shops, shop

Skill      XL: |  1  2  3  4  5  6  7  8  9 10 11 |
---------------+----------------------------------+-----
Summonings     | 5 6 7 8 9 10 11 | 11.5
Spellcasting   | 3 4 5 6 7 8 9 10 | 10.8
Fighting       | 1 2 3 4 5 7 8 9 |  9.4
Invocations    | 3 5 7 |  7.7
Translocations | 1 4 6 |  6.2
Dodging        | |  2.4
Stealth        | |  1.4

Action                     |  1- 3 |  4- 6 |  7- 9 | 10-12 || total
---------------------------+-------+-------+-------+-------++-------
  Melee: Unarmed           |    58 |    48 |       |       ||   106
         Punch             |     1 |       |     2 |     2 ||     5
         Dagger            |       |     3 |    27 |       ||    30
         Hand axe          |       |       |    17 |    63 ||    80
   Cast: Summon Small Mamm |    14 |     6 |    17 |     9 ||    46
         Call Imp          |     7 |    13 |    17 |    11 ||    48
         Call Canine Famil |     3 |    18 |    20 |    20 ||    61
         Summon Lightning  |       |       |     5 |    14 ||    19
         Passage of Golubr |       |       |       |     3 ||     3
  Evoke: Wand              |       |       |       |     1 ||     1
    Use: Scroll            |       |       |     5 |     3 ||     8
         Potion            |       |       |       |     1 ||     1
   Stab: Distracted        |     1 |     1 |     1 |     1 ||     4
         Sleeping          |       |     1 |       |       ||     1
 Armour: Robe              |    22 |    31 |    31 |    18 ||   102
         Steam dragon scal |       |       |       |    22 ||    22
  Dodge: Dodged            |    42 |    49 |    52 |    76 ||   219

Table legend: (Time is in decaauts)
 A = Elapsed time spent in this place.
 B = Non-inter-level travel time spent in this place.
 C = Inter-level travel time spent in this place.
 D = Time resting spent in this place.
 E = Time spent auto-exploring this place.
 F = Levels seen in this place.
 G = Mean time per level.
                   A        B        C        D        E       F      G
               +--------+--------+--------+--------+--------+-----+--------+
         Total |   3961 |   3793 |    168 |     88 |     62 |  13 |  304.7 |
       Dungeon |   3491 |   3323 |    168 |      0 |     62 |  10 |  349.1 |
        Temple |     43 |     43 |      0 |      0 |      0 |   1 |   43.0 |
  Orcish Mines |      1 |      1 |      0 |      0 |      0 |   1 |    1.0 |
         Sewer |    425 |    425 |      0 |     88 |      0 |   1 |  425.0 |
               +--------+--------+--------+--------+--------+-----+--------+

Top non-repeatable levels by time:
     D:9: 808 daAuts
     D:8: 546 daAuts
     D:7: 505 daAuts
     D:5: 437 daAuts
   Sewer: 425 daAuts
     D:3: 332 daAuts
     D:6: 323 daAuts
     D:4: 265 daAuts
     D:1: 175 daAuts
     D:2: 66 daAuts
  Temple: 43 daAuts
    D:10: 30 daAuts
   Orc:1: 1 daAuts
